 Dungeon Crawl Stone Soup version 0.31-a0-177-g4aa6249778 (webtiles) character file.

Game seed: 1850751923070202455

100 Moral the Insei (level 4, -1/29 HPs)
             Began as an Octopode Transmuter on June 19, 2023.
             Shot with a sling bullet by a goblin (3 damage)
             ... led by Robin
             ... on level 2 of the Dungeon.
             The game lasted 00:03:57 (1454 turns).

Moral the Insei (Octopode Transmuter)               Turns: 1454, Time: 00:03:58

Health: -1/29      AC:  1    Str: 11    XL:     4   Next: 74%
Magic:  7/7        EV: 13    Int: 15    God:
Gold:   101        SH:  0    Dex: 12    Spells: 7/8 levels left

rFire   . .          .
                       - Unarmed
rCold   . . .        (no shield)
rNeg    . . .        (helmet currently unavailable)
rPois   .            (no amulet)
rElec   .            (no ring)
rCorr   .            (no ring)
SInv    .            (no ring)
Will    .....        (no ring)
Stlth   ++           (no ring)
HPRegen 0.24/turn    (no ring)
MPRegen 0.10/turn    (no ring)
                     (no ring)

%: no passive effects
@: appendages (expiring)
A: tentacle spike 3, almost no armour, amphibious, 8 rings, camouflage 1,
gelatinous body 1, (nimble swimmer 1), tentacles
a: End Transformation


You were on level 2 of the Dungeon.
One of your tentacles had grown a beastly spike.
You visited 1 branch of the dungeon, and saw 2 of its levels.

You collected 101 gold pieces.

Inventory:

Scrolls
 c - a scroll of revelation
 d - a scroll of immolation {unknown}
 e - 3 scrolls of identify {unknown}
 g - a scroll of amnesia {unknown}
 i - 2 scrolls of poison {unknown}
Potions
 a - a potion of lignification
 f - a potion of curing {unknown}
 h - a potion of degeneration {unknown}


   Skills:
 + Level 2.0 Fighting
 + Level 2.5 Dodging
 * Level 3.8 Unarmed Combat
 + Level 2.6 Spellcasting
 + Level 2.5 Transmutations


You had 7 spell levels left.
You knew the following spells:

 Your Spells              Type           Power      Damage    Failure   Level
a - Beastly Appendage     Tmut           18%        N/A       8%          1

Your spell library contained the following spells:

 Spells                   Type           Power      Damage    Failure   Level
 Wereblood                Tmut           9%         N/A       11%         2
 Spider Form              Tmut/Pois      5%         N/A       36%         3
 Gell's Gravitas          Tloc           1%         N/A       54%         3
 Teleport Other           Tloc           1%         N/A       54%         3
 Ice Form                 Ice/Tmut       5%         N/A       77%         4
 Dispersal                Tloc           0%         N/A       100%        6


Dungeon Overview and Level Annotations

Branches:
Dungeon (2/15)

Altars:

Annotations:
D:2 Robin


Innate Abilities, Weirdness & Mutations

One of your tentacles has grown a beastly spike.
You cannot wear most types of armour.
You are amphibious.
You can wear up to eight rings at the same time.
Your skin changes colour to match your surroundings (Stealth+).
Your rubbery body absorbs attacks. (AC +1, EV +1)
((You are camouflaged when in or above water. (Stealth+)))
You have tentacles for arms and can constrict up to eight enemies at once.


Message History

You closely miss the goblin. Your grab misses the goblin.
The goblin completely misses you.
You closely miss the goblin. Your grab misses the goblin.
The goblin hits you with a +0 dagger.
* * * LOW HITPOINT WARNING * * *
You barely miss the goblin. Your grab misses the goblin.
Your squeeze misses the goblin. The goblin misses you.
You miss the goblin. You grab the goblin.
Your transformation is almost over.
You constrict the goblin. The goblin hits you with a +0 dagger.
* * * LOW HITPOINT WARNING * * *
You tentacle-slap the goblin but do no damage.
You pierce the goblin.
You kill the goblin!
You closely miss the hobgoblin. You grab the hobgoblin.
You pierce the hobgoblin, but do no damage.
You squeeze the hobgoblin.
You kill the hobgoblin!
You barely miss the hobgoblin. Your grab misses the hobgoblin.
The hobgoblin closely misses you.
You closely miss the hobgoblin. You grab the hobgoblin.
You constrict the hobgoblin.
A goblin comes into view. It is wielding a +0 dagger.
A goblin comes into view. It is wielding a +0 club.
The hobgoblin hits you.
* * * LOW HITPOINT WARNING * * *
The goblin shouts!
You tentacle-slap the hobgoblin but do no damage.
You pierce the hobgoblin.
You kill the hobgoblin!
You hear a shout! x2
Robin of the Strong Arm comes into view.
They are wielding a +0 short sword and wearing a +2 helmet of intelligence.
A goblin comes into view. It is wielding a +0 dagger.
The goblin unwields a +0 club.
The goblin wields a +0 sling.
The goblin shoots a sling bullet.
The sling bullet misses you.
Robin roars a battlecry!
The goblins go into a battle-frenzy!
The goblin shoots a sling bullet.
The sling bullet barely misses you.
The goblin shoots a sling bullet.
The sling bullet hits you.
You die...

*,*#..# #.****
######!##..###.,,,,
######.##..###.#***
######.##$.###.##
######.##...#...#** ##
######.#......>..,, .#
######.#†))......,, .#
###########.#.gg..####*, .#
#......@..)..g...### *,
.#########..##########g.#####* *,
............# #####...g......***,
.#########.## #####.##..####.,,,,
.# #.# #####.##..#####**** .# #.#
#####.##..#####**** .# #.#
#####$##.......,,,,
.#########.####..............****
..........†.......,,,,**,***,,,,,


You could see Robin and 2 goblins.

Vanquished Creatures
  Jessica (D:2)
  An adder (D:2)
  2 worms (D:2)
  A dart slug (D:1)
  6 bats
  4 endoplasms
  3 giant cockroaches
  11 goblins
  8 hobgoblins
  A jackal (D:2)
  3 quokkas (D:2)
  3 ball pythons
  A frilled lizard (D:1)
  2 kobolds
  6 rats
53 creatures vanquished.

Notes
Turn   | Place    | Note
-------+----------+-------------------------------------------
     0 | D:1      | Moral the Octopode Transmuter began the quest for the Orb.
     0 | D:1      | Reached XP level 1. HP: 13/13 MP: 3/3
   123 | D:1      | Reached XP level 2. HP: 18/18 MP: 3/5
   227 | D:1      | Found a faded altar of an unknown god.
   889 | D:2      | Reached XP level 3. HP: 11/23 MP: 4/6
  1165 | D:2      | Noticed Jessica
  1187 | D:2      | Killed Jessica
  1188 | D:2      | Reached XP level 4. HP: 17/29 MP: 5/7
  1451 | D:2      | HP: 1/29 [hobgoblin[Robin] (2)]
  1452 | D:2      | Noticed Robin
  1454 | D:2      | Shot with a sling bullet by a goblin

Illustrated notes

Levels and vault maps discovered:
D:1:      eino_arrival_cavern_c, layout_rooms,
          shapermc_ecumenical_altar_mp_ritualfount
D:2:      minmay_thinvault, layout_loops_ring, uniq_robin, uniq_jessica,
          uniq_crazy_yiuf_cottage

Skill      XL: |  1  2  3  4 |
---------------+-------------+-----
Fighting       | 2 |  2.0
Dodging        | |  2.5
Unarmed Combat | |  3.8
Spellcasting   | |  2.6
Transmutations | |  2.5

Action                     |  1- 3 |  4- 6 || total
---------------------------+-------+-------++-------
  Melee: Unarmed           |    77 |    31 ||   108
         Kick              |    25 |    10 ||    35
         Constrict         |    18 |     9 ||    27
         Tentacles         |    11 |     2 ||    13
         Punch             |     2 |     2 ||     4
   Cast: Beastly Appendage |    23 |     6 ||    29
    Use: Scroll            |       |     2 ||     2
   Stab: Sleeping          |     6 |       ||     6
 Armour: Skin              |     6 |     5 ||    11
  Dodge: Dodged            |    39 |    17 ||    56

Table legend: (Time is in decaauts)
 A = Elapsed time spent in this place.
 B = Non-inter-level travel time spent in this place.
 C = Inter-level travel time spent in this place.
 D = Time resting spent in this place.
 E = Time spent auto-exploring this place.
 F = Levels seen in this place.
 G = Mean time per level.
                   A        B        C        D        E       F      G
               +--------+--------+--------+--------+--------+-----+--------+
         Total |   1446 |   1402 |     44 |     12 |   1102 |   2 |  723.0 |
       Dungeon |   1446 |   1402 |     44 |     12 |   1102 |   2 |  723.0 |
               +--------+--------+--------+--------+--------+-----+--------+

Top non-repeatable levels by time:
     D:1: 761 daAuts
     D:2: 684 daAuts
